 Dungeon Crawl Stone Soup version 0.28.0-49-g6dfe1f597d (webtiles) character file.

Game seed: 265726117759997505

233 NinjaNoafa the Magician (level 6, 0/46 HPs)
             Began as a Djinni Hedge Wizard on May 12, 2022.
             Slain by an orc wizard
             ... wielding a +0 dagger
              (4 damage)
             ... on level 4 of the Dungeon.
             The game lasted 00:14:06 (3364 turns).

NinjaNoafa the Magician (Djinni Hedge Wizard)       Turns: 3364, Time: 00:14:07

Health: 0/46       AC:  2    Str:  8 (11) XL:     6   Next: 25%
Gold:   149        EV: 13    Int: 18      God:
                   SH:  0    Dex: 18

rFire   + + .      SeeInvis .   r - +2 hand axe (holy)
rCold   x . .      Faith    .   (no shield)
rNeg    . . .      Spirit   .   b - +0 robe
rPois   ∞          Reflect  .   c - +0 hat
rElec   .          Harm     .   (no cloak)
rCorr   .          Rampage  .   (no gloves)
Will    .....      Rage     1%  (boots unavailable)
Stlth   ++........              (no amulet)
HPRegen 0.95/turn               l - +6 ring of dexterity
MPRegen 0.00/turn               m - ring of wizardry

@: flying, unable to read
A: sickness immunity, fire resistance 2, cold vulnerability 1, float, innate
caster, HP casting, extra vitality 1, berserk 1, regeneration 1, strong 1,
inability to read while threatened
a: no special abilities


You were on level 4 of the Dungeon.
You visited 1 branch of the dungeon, and saw 4 of its levels.

You collected 149 gold pieces.

Inventory:

Hand Weapons
 r - a +2 hand axe of holy wrath (weapon)
Missiles
 d - 72 stones
 e - 4 poisoned darts (quivered)
Armour
 b - a +0 robe (worn)
 c - a +0 hat (worn)
Jewellery
 l - a +6 ring of dexterity (left hand)
 m - a ring of wizardry (right hand)
Scrolls
 h - a scroll of blinking
 n - a scroll of silence
Potions
 g - a potion of degeneration


   Skills:
 - Level 3.0 Fighting
 - Level 3.0 Dodging
 - Level 2.0 Stealth
 + Level 4.0 Spellcasting


You couldn't memorise any spells.
You knew the following spells:

 Your Spells              Type           Power      Damage    Failure   Level
a - Magic Dart            Conj           72%        1d6       1%          1
b - Blink                 Tloc           36%        N/A       1%          2
c - Call Imp              Summ           18%        N/A       1%          2
d - Slow                  Hex            72%        N/A       1%          1
e - Conjure Flame         Conj/Fire      18%        6-21      3%          3
f - Mephitic Cloud        Conj/Pois/Air  18%        N/A       3%          3
g - Sandblast             Erth           36%        2d10      1%          1
h - Passwall              Tmut/Erth      15%        N/A       1%          2
Your spell library was empty.

Dungeon Overview and Level Annotations

Branches:
Dungeon (4/15)
 Temple: D:4-7

Altars:

Annotations:
D:4 Menkaure


Innate Abilities, Weirdness & Mutations

You are immune to sickness and miasma.
You are immune to poison.
Your flesh is very heat resistant. (rF++)
You are vulnerable to cold. (rC-)
You float through the air rather than walking.
You learn spells naturally, not from books.
Your magical power is your life essence.
You have superior vitality. (+4 MHP)
You tend to lose your temper in combat.
Your natural rate of healing is unusually fast.
Your muscles are strong. (Str +2)
You sometimes lose the ability to read scrolls when taking damage.


Message History

The blast of sand hits the orc priest!
You kill the orc priest!
d - 72 stones
* * * LOW HITPOINT WARNING * * *
You feel your intelligence returning.
Your Spellcasting skill increases to level 4!
Casting: Sandblast (safe; 1% risk of failure)
Confirm with . or Enter, or press ? or * to list all spells.
You can't see any susceptible monsters within range! (Use Z to cast anyway.)
Casting: Sandblast (safe; 1% risk of failure)
Confirm with . or Enter, or press ? or * to list all spells.
You can't see any susceptible monsters within range! (Use Z to cast anyway.)
Casting: Sandblast (safe; 1% risk of failure)
Confirm with . or Enter, or press ? or * to list all spells.
Aiming: Magic Dart (safe; 1% risk of failure)
Press: ? - help, Shift-Dir - straight line The magic dart hits something.
* * * LOW HITPOINT WARNING * * *
You barely miss something.
Something hits you but does no damage. x2
You closely miss something. Something hits you but does no damage.
You barely miss something. Something hits you.
* * * LOW HITPOINT WARNING * * *
You hit something. Something hits you.
* * * LOW HITPOINT WARNING * * *
Something hits you.
* * * LOW HITPOINT WARNING * * *
You closely miss something. Something hits you.
* * * LOW HITPOINT WARNING * * *
You hit something but do no damage. Something hits you.
* * * LOW HITPOINT WARNING * * *
Okay, then.
You cannot read scrolls in your current state!
You barely miss something.
You can read scrolls again.
An orc wizard appears from thin air!
Reactivating autopickup.
The orc wizard barely misses you.
The orc wizard hits you with a +0 dagger.
You feel threatened and lose the ability to read scrolls!
You die...

.. ..
................
..
.................
..
.................
..
................
..
..........)...#
.. ........)....#
. ........)....#
.........o@..#
............##
.............#
......(....#..#
..........###....
..........# #....
.........## ####
........##
........#####


You could see an orc wizard.

Vanquished Creatures
  An ogre (D:3)
  An orc priest (D:4)
  2 adders (D:3)
  2 worms
  3 dart slugs
  6 orcs
  4 ball pythons
  7 bats
  4 endoplasms
  4 giant cockroaches
  5 goblins
  4 hobgoblins
  A jackal (D:3)
  3 quokkas
  3 frilled lizards
  8 kobolds
  5 rats
63 creatures vanquished.

Vanquished Creatures (collateral kills)
  4 orcs (D:3)
  An endoplasm (D:3)
  A jackal (D:3)
  3 kobolds (D:3)
  A rat (D:3)
10 creatures vanquished.

Grand Total: 73 creatures vanquished

Notes
Turn   | Place    | Note
-------+----------+-------------------------------------------
     0 | D:1      | NinjaNoafa the Djinni Hedge Wizard began the quest for the
                  | Orb.
     0 | D:1      | Reached XP level 1. HP: 15/15 MP: 0/0
   144 | D:1      | Reached XP level 2. HP: 10/21 MP: 0/0
   643 | D:1      | Reached XP level 3. HP: 26/26 MP: 0/0
   643 | D:1      | Learned a level 1 spell: Sandblast
  1267 | D:1      | Reached skill level 1 in Fighting
  1848 | D:2      | HP: 1/27 [worm (10)]
  1852 | D:2      | Gained mutation: Your muscles are strong. (Str +2) [potion
                  | of mutation]
  1852 | D:2      | Gained mutation: You tend to lose your temper in combat.
                  | [potion of mutation]
  1852 | D:2      | Gained mutation: You sometimes lose the ability to read
                  | scrolls when taking damage. [potion of mutation]
  1852 | D:2      | Gained mutation: Your natural rate of healing is unusually
                  | fast. [potion of mutation]
  2163 | D:2      | Reached skill level 3 in Spellcasting
  2166 | D:2      | Reached XP level 4. HP: 32/32 MP: 0/0
  2385 | D:2      | Found a faded altar of an unknown god.
  2851 | D:3      | Reached XP level 5. HP: 39/39 MP: 0/0
  2851 | D:3      | Learned a level 2 spell: Passwall
  3058 | D:3      | Noticed an ogre
  3094 | D:3      | Killed an ogre
  3095 | D:3      | Reached XP level 6. HP: 25/46 MP: 0/0
  3296 | D:4      | Noticed Menkaure
  3357 | D:4      | Reached skill level 4 in Spellcasting
  3364 | D:4      | Slain by an orc wizard

Illustrated notes

Levels and vault maps discovered:
D:1:      minmay_arrival_up_and_down, layout_basic
D:2:      layout_basic, hellmonk_ecumenical_altar_prayer_group
D:3:      layout_loops_cross
D:4:      layout_layer_cave, minmay_temple_entry_hall, wad_rectangle_vault,
          uniq_menkaure, uniq_grinder

Skill      XL: |  1  2  3  4  5  6 |
---------------+-------------------+-----
Stealth        | 2 |  2.0
Fighting       | 1 2 3 |  3.0
Spellcasting   | 3 4 |  4.0
Dodging        | 3 |  3.0

Action                   |  1- 3 |  4- 6 || total
-------------------------+-------+-------++-------
Melee: Dagger            |    25 |    43 ||    68
       Hand axe          |       |    18 ||    18
Throw: Dart              |    30 |       ||    30
       Stone             |    31 |       ||    31
 Cast: Magic Dart        |    64 |    47 ||   111
       Slow              |     4 |     4 ||     8
       Sandblast         |     1 |    12 ||    13
       Call Imp          |       |     9 ||     9
       Blink             |       |     3 ||     3
       Passwall          |       |     1 ||     1
       Mephitic Cloud    |       |     1 ||     1
  Use: Potion            |     4 |     4 ||     8
       Scroll            |       |     5 ||     5
 Stab: Sleeping          |       |     1 ||     1
       Confused          |       |     1 ||     1
Armor: Robe              |    17 |    12 ||    29
Dodge: Dodged            |    46 |    40 ||    86
